 Dungeon Crawl Stone Soup version 0.32-a0-42-ga30500b4d3 (webtiles) character file.

Game seed: 3276316374044341309

476 kae the Changeling (level 6, -28/47 HPs)
             Began as a Demonspawn Shapeshifter on Jan 30, 2024.
             Annihilated by an ogre
             ... wielding a +0 giant spiked club
              (31 damage)
             ... on level 5 of the Dungeon.
             The game lasted 00:02:46 (3941 turns).

kae the Changeling (Demonspawn Shapeshifter)        Turns: 3941, Time: 00:02:47

Health: -28/47     AC:  2    Str: 14    XL:     6   Next: 85%
Magic:  6/6        EV: 12    Int: 10    God:
Gold:   237        SH:  0    Dex: 15    Spells: 5/5 levels left

rFire   . .          .
                       - Unarmed
rCold   . . .        (no shield)
rNeg    + + .        a - +0 animal skin
rPois   .            (helmet currently unavailable)
rElec   .            (cloak currently unavailable)
rCorr   .            (gloves currently unavailable)
SInv    .            (boots currently unavailable)
Will    .....        (no amulet)
Stlth   +            N - ring of positive energy
HPRegen 0.27/turn    n - ring of positive energy
MPRegen 0.10/turn

%: no passive effects
@: beast-form
A: beast (slay +2), horns 1, ignite blood 1, powered by pain 1
a: Begin Untransformation


You were on level 5 of the Dungeon.
You were a hulking beast.
You visited 1 branch of the dungeon, and saw 5 of its levels.
You also visited: Sewer.

You collected 237 gold pieces.


Innate Abilities, Weirdness & Mutations

You are a hulking beast.
Your limbs bulge with bestial killing power. (Slay +2)
You have a pair of small horns on your head.
Your demonic aura sometimes causes spilled blood to erupt in flames.
You sometimes gain a little power by taking damage.


   Skills:
 + Level 3.5 Fighting
 - Level 1.7 Dodging
 + Level 4.2 Unarmed Combat
 * Level 5.0 Shapeshifting


You had 5 spell levels left.
You didn't know any spells.
Your spell library contained the following spells:

 Spells                   Type           Power      Damage    Failure   Level
 Freeze                   Ice            0%         1d3       36%         1
 Mercury Vapours          Alch/Air       0%         N/A       50%         2
 Frozen Ramparts          Ice            0%         1d1       75%         3
 Hailstorm                Conj/Ice       0%         3d5       75%         3
 Mephitic Cloud           Conj/Alch/Air  0%         N/A       75%         3
 Freezing Cloud           Conj/Ice/Air   0%         6-21      100%        5
 Malign Gateway           Summ/Tloc      0%         N/A       100%        7
 Summon Horrible Things   Summ           0%         N/A       100%        8

Inventory:

Missiles
 e - 32 stones (quivered)
 f - 2 curare-tipped darts {=f}
 m - 6 poisoned darts
Armour
 a - a +0 animal skin (worn)
 h - a +1 cloak
   (You found it on level 1 of the Dungeon)
Jewellery
 n - a ring of positive energy (right hand)
   (You found it on level 3 of the Dungeon)
 r - a ring of willpower
   (You found it on level 4 of the Dungeon)
 N - a ring of positive energy (left hand)
   (You found it on level 2 of the Dungeon)
Talismans
 c - a beast talisman
 d - a flux talisman
Wands
 b - a wand of digging (1)
   (You found it on level 4 of the Dungeon)
 p - a wand of mindburst (8)
   (You found it on level 4 of the Dungeon)
Potions
 g - a potion of mutation {unknown}
 i - 2 potions of cancellation
 j - a potion of ambrosia
 k - 2 potions of curing {@q1}
 l - 2 potions of enlightenment
 o - 3 potions of heal wounds {@q2}
 q - a potion of degeneration {unknown}
 s - a potion of brilliance {unknown}

Dungeon Overview and Level Annotations

Branches:
Dungeon (4/15) Zot: 26535   Sewer (visited)
 Temple: D:4-7

Altars:
Wu Jian

##..####........#
..$...)##..##.......##
...$...
##..#........##
.......
##...........##
....... ##...........#
....... ##..........##
.....(.
##...........##
.......
#O○...........#
#h°...........#
#.°..........##
#...........##
#..........##
#.###.....## #.#
####.## .## ### .


You could see an ogre.


Message History

You take 1 damage, and now have 46/47 hp.
A hobgoblin is nearby!
You barely miss the hobgoblin. The hobgoblin barely misses you.
You hit the hobgoblin.
The hobgoblin hits you but does no damage. 😎 HP[+1]
Your hp is fully restored (47).
A hobgoblin is nearby!
You hit the hobgoblin.
You kill the hobgoblin!
No target in view!
You now have 237 gold pieces (gained 11).
Key pressed, stopping explore.
No target in view!
No target in view!
A malevolent force fills the Dungeon...
You fall into a shaft and drop 1 floor!
The shaft crumbles and collapses.
Unknown command.
An iguana comes into view.
You see here a glowing silvery potion.
An iguana is nearby!
An iguana is nearby!
Unknown command.
An iguana is nearby!
An iguana is nearby!
Unknown command.
An iguana is nearby!
The iguana hisses angrily.
You hit the iguana but do no damage. Your headbutt misses the iguana.
You barely miss the iguana. Your headbutt misses the iguana.
The iguana bites you. 😕 HP[-1]
You take 1 damage, and now have 46/47 hp.
You barely miss the iguana. The iguana bites you!
You focus on the pain.
You feel agile all of a sudden.
You hit the iguana. The iguana bites you. 😕 HP[-10]
You take 10 damage, and now have 36/47 hp.
MASSIVE DAMAGE!! (PAUSE)
An iguana is nearby!
You hit the iguana. The iguana completely misses you.
You hit the iguana. The iguana barely misses you.
You hit the iguana. The iguana misses you.
You closely miss the iguana. The iguana bites you. 😮 HP[-4]
You take 4 damage, and now have 32/47 hp.
Unknown command.
You hit the iguana. Your headbutt misses the iguana. The iguana bites you!
* * * LOW HITPOINT WARNING * * *
😨 HP[-10]
You take 10 damage, and now have 22/47 hp.
MASSIVE DAMAGE!! (PAUSE)
You hit the iguana but do no damage. You headbutt the iguana.
You punch the iguana, but do no damage. The iguana misses you.
You punch the iguana!
You kill the iguana!
Unknown command. 😨 HP[+1]
You feel a little less agile now.
s - a glowing silvery potion 😕 HP[+17]
You regained 17 hp, and now have 40/47 hp.
No target in view!
No target in view!
An ogre comes into view.
It is wielding a +0 giant spiked club. 😎 HP[+7]
Your hp is fully restored (47).
An ogre is nearby!
An ogre comes into view. It is wielding a +0 giant club.
The ogre shouts! x2
You punch the ogre! You headbutt the ogre. You hit the ogre.
You headbutt the ogre. The ogre closely misses you.
There are monsters nearby!
You punch the ogre! The ogre closely misses you.
You punch the ogre!
You kill the ogre!
Your Shapeshifting skill increases to level 5!
Unknown command.
A gnoll comes into view. It is wielding a +0 whip.
You hit the ogre. You headbutt the ogre.
The ogre hits you with a +0 giant spiked club!!
You are too injured to fight recklessly! 😮 HP[-19]
You take 19 damage, and now have 28/47 hp.
MASSIVE DAMAGE!! (PAUSE)
You hit the ogre.
The ogre hits you with a +0 giant spiked club!!
Ouch! That really hurt!
* * * LOW HITPOINT WARNING * * *
😱 HP[-25]
You take 25 damage, and now have 3/47 hp.
MASSIVE DAMAGE!! (PAUSE)
You punch the ogre!
Unknown command.
You hit the ogre but do no damage. Your headbutt misses the ogre.
The ogre is engulfed in blazing flames.
The ogre hits you with a +0 giant spiked club!!
Ouch! That really hurt!
You die...

Skill      XL: |  1  2  3  4  5  6 |
---------------+-------------------+-----
Shapeshifting  | 3 4 5 |  5.0
Unarmed Combat | 3 4 |  4.2
Fighting       | 2 3 |  3.5
Dodging        | |  1.7

Action                     |  1- 3 |  4- 6 || total
---------------------------+-------+-------++-------
  Melee: Unarmed           |   106 |   130 ||   236
         Punch             |     3 |     6 ||     9
         Headbutt          |       |    13 ||    13
    Use: Scroll            |     8 |     2 ||    10
         Potion            |     1 |     3 ||     4
 Armour: Animal skin       |    45 |    51 ||    96
         Skin              |       |    18 ||    18
  Dodge: Dodged            |    58 |    65 ||   123

Levels and vault maps discovered:
D:1:      sevenhm_arrival_forest_fort_small_1, layout_basic
D:2:      wander_river, layout_loops_cross, dreamdust_ecumenical_altar_grove
D:3:      layout_basic, lemuel_tele_altar
D:4:      layout_rooms, mainiacjoe_overflow_brackets, kennysheep_little_box,
          cheibrodos_sewer_entry_drain
D:5:      layout_cave_pods

Notes
Turn   | Place    | Note
-------+----------+-------------------------------------------
     0 | D:1      | kae the Demonspawn Shapeshifter began the quest for the
                  | Orb.
     0 | D:1      | Reached XP level 1. HP: 15/15 MP: 1/1
     0 | D:1      | magus.rc [v1.11.3]
   553 | D:1      | Gained mutation: You sometimes gain a little power by
                  | taking damage. [demonic ancestry]
   553 | D:1      | Reached XP level 2. HP: 19/21 MP: 2/2
   606 | D:1      | Reached skill level 3 in Shapeshifting
  1097 | D:2      | Found a faded altar of an unknown god.
  1218 | D:2      | Reached skill level 3 in Unarmed Combat
  1556 | D:2      | You pick up a book of Vapours and begin reading...
  1556 | D:2      | You add the spells Mercury Vapours, Mephitic Cloud and
                  | Freezing Cloud to your library.
  1706 | D:2      | Reached XP level 3. HP: 26/26 MP: 3/3
  2137 | D:3      | Reached skill level 2 in Fighting
  2139 | D:3      | Reached XP level 4. HP: 23/33 MP: 4/4
  2389 | D:3      | You pick up a book of Frost and begin reading...
  2389 | D:3      | You add the spells Freeze, Frozen Ramparts and Hailstorm to
                  | your library.
  2478 | D:3      | You add the spells Malign Gateway and Summon Horrible
                  | Things to your library.
  2596 | D:3      | Found an ornate altar of the Wu Jian Council.
  2939 | D:3      | Gained mutation: You have a pair of small horns on your
                  | head. [demonic ancestry]
  2939 | D:3      | Reached XP level 5. HP: 39/39 MP: 5/5
  3106 | D:4      | Reached skill level 4 in Shapeshifting
  3107 | D:4      | Found a glowing drain.
  3116 | Sewer    | Entered a sewer
  3133 | Sewer    | HP: 4/39 [river rat (7)]
  3369 | Sewer    | Reached skill level 3 in Fighting
  3369 | Sewer    | Gained mutation: Your demonic aura sometimes causes spilled
                  | blood to erupt in flames. [demonic ancestry]
  3369 | Sewer    | Reached XP level 6. HP: 29/47 MP: 6/6
  3377 | Sewer    | Reached skill level 4 in Unarmed Combat
  3378 | Sewer    | HP: 10/47 [kobold/+0 club (3)]
  3799 | D:4      | You fall into a shaft and drop 1 floor!
  3799 | D:5      | Entered Level 5 of the Dungeon
  3928 | D:5      | Reached skill level 5 in Shapeshifting
  3939 | D:5      | HP: 3/47 [ogre/+0 giant spiked club (26)]
  3941 | D:5      | Annihilated by an ogre

Vanquished Creatures
  An ogre (D:5)
  2 kobold brigands (Sewer)
  A hound (D:4)
  An iguana (D:5)
  An orc wizard (D:3)
  2 adders (D:3)
  4 gnolls (D:3)
  4 river rats (Sewer)
  A ribbon worm (D:3)
  2 dart slugs
  4 orcs (D:3)
  3 endoplasms
  4 giant cockroaches
  3 goblins
  5 hobgoblins
  3 jackals
  2 quokkas
  5 ball pythons
  4 bats
  11 kobolds
  7 rats
70 creatures vanquished.

Table legend:
 A = Non-vault XP
 B = Vault XP
 C = Vault XP percentage of total XP
 D = Non-vault monster count
 E = Vault monster count
 F = Vault count percentage of total count
                 A         B        C        D         E       F
            +---------+---------+-------+---------+---------+-------
      Total |     415 |     266 |  39.1 |      54 |      16 |  22.9
            +---------+---------+-------+---------+---------+-------
        D:1 |      25 |       0 |   0.0 |      16 |       0 |   0.0
        D:2 |      19 |       0 |   0.0 |       9 |       0 |   0.0
        D:3 |     155 |       0 |   0.0 |      21 |       0 |   0.0
        D:4 |      55 |       3 |   5.2 |       6 |       3 |  33.3
        D:5 |     161 |       0 |   0.0 |       2 |       0 |   0.0
      Sewer |       0 |     263 | 100.0 |       0 |      13 | 100.0
            +---------+---------+-------+---------+---------+-------

Skill      XL: |  1  2  3  4  5  6 |
---------------+-------------------+-----
Shapeshifting  | 3 4 5 |  5.0
Unarmed Combat | 3 4 |  4.2
Fighting       | 2 3 |  3.5
Dodging        | |  1.7

Action                     |  1- 3 |  4- 6 || total
---------------------------+-------+-------++-------
  Melee: Unarmed           |   106 |   130 ||   236
         Punch             |     3 |     6 ||     9
         Headbutt          |       |    13 ||    13
    Use: Scroll            |     8 |     2 ||    10
         Potion            |     1 |     3 ||     4
 Armour: Animal skin       |    45 |    51 ||    96
         Skin              |       |    18 ||    18
  Dodge: Dodged            |    58 |    65 ||   123

Illustrated notes

Table legend:
 A = Kills in this place as a percentage of kills in the entire game.
 B = Kills by you in this place as a percentage of kills by you in the entire game.
 C = Kills by friends in this place as a percentage of kills by friends in the entire game.
 D = Other kills in this place as a percentage of other kills in the entire game.
 E = Experience gained in this place as a percentage of experience gained in the entire game.
 F = Experience gained in this place divided by the number of levels of this place that you have seen.
                   A       B       C       D       E      F
               +-------+-------+-------+-------+-------+----------------------
         Total | 100.0 | 100.0 |   N/A |   N/A | 100.0 | 113.5
       Dungeon |  81.4 |  81.4 |   N/A |   N/A |  61.4 |  83.6
         Sewer |  18.6 |  18.6 |   N/A |   N/A |  38.6 | 263.0
               +-------+-------+-------+-------+-------+----------------------

Table legend: (Time is in decaauts)
 A = Elapsed time spent in this place.
 B = Non-inter-level travel time spent in this place.
 C = Inter-level travel time spent in this place.
 D = Time resting spent in this place.
 E = Time spent auto-exploring this place.
 F = Levels seen in this place.
 G = Mean time per level.
                   A        B        C        D        E       F      G
               +--------+--------+--------+--------+--------+-----+--------+
         Total |   3999 |   3879 |    120 |    359 |   2921 |   6 |  666.5 |
       Dungeon |   3463 |   3343 |    120 |    122 |   2739 |   5 |  692.6 |
         Sewer |    535 |    535 |      0 |    237 |    182 |   1 |  535.0 |
               +--------+--------+--------+--------+--------+-----+--------+

Top non-repeatable levels by time:
     D:3: 1177 daAuts
     D:1: 1076 daAuts
     D:2: 856 daAuts
   Sewer: 535 daAuts
     D:4: 212 daAuts
     D:5: 140 daAuts
